 Dungeon Crawl Stone Soup version 0.25.1-8-g42b30a86e7 (webtiles) character file.

Game seed: 12454736726533594142

19847 Clowwww the Cleaver (level 12, -1/141 HPs)
             Began as a Demonspawn Fighter on Dec 20, 2020.
             Was a High Priest of Okawaru.
             Slain by Sonja
             ... wielding a +2 dagger of distortion
              (6 damage)
             ... on level 13 of the Dungeon.
             The game lasted 00:34:54 (10453 turns).

Clowwww the Cleaver (Demonspawn Fighter)           Turns: 10453, Time: 00:34:56

Health: -1/141     AC: 25    Str: 26    XL:     12   Next: 40%
Magic:  13/13      EV: 11    Int: 11    God:    Okawaru [*****.]
Gold:   295        SH: 19    Dex: 12    Spells: 11/11 levels left

rFire    + . .     SeeInvis .   P - +1 broad axe (venom)
rCold    + + .     Gourm    .   a - +2 shield of Resistance {rF+ rC+ MR+}
rNeg     + . .     Faith    .   D - +5 scale mail
rPois    .         Spirit   .   v - +2 hat
rElec    +         Reflect  +   N - +2 cloak
rCorr    .         Harm     .   M - +2 pair of gloves of Mirth {*Drain +Fly rC+ Str+5}
MR       +....                  (boots unavailable)
Stlth    ..........             O - amulet of reflection
HPRegen  0.33/turn              w - +4 ring of slaying
MPRegen  0.13/turn              L - ring of positive energy

@: berserking, lethally poisoned (-1 -> -4), very quick
A: hooves 3, thin metallic scales 3, powered by death 2, powered by pain 1
a: Heroism, Finesse, Renounce Religion, Evoke Flight


You were on level 13 of the Dungeon.
You worshipped Okawaru.
Okawaru was extremely pleased with you.
You were hungry.

You visited 2 branches of the dungeon, and saw 14 of its levels.
You visited the Abyss 1 time.

You collected 706 gold pieces.
You spent 411 gold pieces at shops.

Inventory:

Hand Weapons
 P - a +1 broad axe of venom (weapon)
Missiles
 r - 4 silver boomerangs (quivered)
 I - 2 throwing nets
Armour
 a - the +2 shield of Resistance (worn) {rF+ rC+ MR+}
   (You bought it in a shop on level 5 of the Dungeon)

   It protects you from fire.
   It protects you from cold.
   It affects your resistance to hostile enchantments.
 v - a +2 hat (worn)
 D - a +5 scale mail (worn)
 M - the +2 pair of gloves of Mirth (worn) {*Drain +Fly rC+ Str+5}
   (Okawaru gifted it to you on level 11 of the Dungeon)

   It affects your strength (+5).
   It protects you from cold.
   It lets you fly.
   It causes draining when unequipped.
 N - a +2 cloak (worn)
Jewellery
 c - an uncursed ring of fire
 t - an uncursed ring of fire
 w - a +4 ring of slaying (left hand)
 x - an uncursed ring of fire
 L - a ring of positive energy (right hand)
 O - an amulet of reflection (around neck)
Wands
 m - a wand of acid (22)
 q - a wand of enslavement (11)
 u - a wand of paralysis (12)
 F - a wand of clouds (5)
 G - a wand of flame (17)
 K - a wand of random effects (66)
 Q - a wand of disintegration (7)
Scrolls
 e - 10 scrolls of remove curse
 j - 2 scrolls of blinking
 l - 7 scrolls of teleportation
 p - 2 scrolls of fog
 y - a scroll of amnesia
 B - 3 scrolls of fear
 S - 2 scrolls of identify
 T - 2 scrolls of vulnerability {unknown}
Potions
 b - 5 potions of haste
 d - 2 potions of might
 g - a potion of brilliance
 h - a potion of invisibility
 i - 3 potions of curing
 k - 7 potions of heal wounds
 n - 2 potions of ambrosia
 o - 2 potions of cancellation
 s - a potion of resistance {unknown}
 z - 3 potions of mutation
 A - a potion of berserk rage
 C - 3 potions of lignification
 E - 4 potions of stabbing
 H - 2 potions of degeneration
 J - a potion of magic
Comestibles
 f - 24 rations


   Skills:
 + Level 8.7 Fighting
 + Level 13.0 Axes
 + Level 1.5 Throwing
 + Level 7.0 Armour
 + Level 4.4 Dodging
 + Level 1.1 Stealth
 + Level 8.4 Shields
 + Level 2.0 Invocations
 + Level 0.4 Evocations


You had 11 spell levels left.
You didn't know any spells.
Your spell library contained the following spells:

 Spells                   Type           Power        Failure   Level  Hunger
 Beastly Appendage        Tmut           #.....       86%         1    ##.....
 Sandblast                Erth           #.....       86%         1    ##.....
 Summon Small Mammal      Summ           #...         86%         1    ##.....
 Call Imp                 Summ           #.......     95%         2    ###....
 Corpse Rot               Necr/Air       N/A          95%         2    ###....
 Passwall                 Tmut/Erth      #.......     95%         2    ###....
 Sticks to Snakes         Tmut           #.......     95%         2    ###....
 Call Canine Familiar     Summ           #.......     99%         3    ####...
 Spider Form              Tmut/Pois      #.........   99%         3    ####...
 Stone Arrow              Conj/Erth      #.....       99%         3    ####...
 Summon Guardian Golem    Hex/Summ       #.......     99%         3    ####...
 Cause Fear               Hex            #.........   100%        4    #####..
 Ice Form                 Ice/Tmut       #.......     100%        4    #####..
 Petrify                  Tmut/Erth      #.......     100%        4    #####..
 Summon Ice Beast         Ice/Summ       #.......     100%        4    #####..
 Summon Lightning Spire   Summ/Air       #.......     100%        4    #####..
 Blade Hands              Tmut           #.........   100%        5    ######.
 Lee's Rapid Deconstruct  Erth           #.........   100%        5    ######.
 Metabolic Englaciation   Hex/Ice        #.........   100%        5    ######.
 Silence                  Hex/Air        #.........   100%        5    ######.
 Summon Forest            Summ/Tloc      #.........   100%        5    ######.
 Yara's Violent Unravell  Hex/Tmut       #.........   100%        5    ######.
 Eringya's Noxious Bog    Tmut/Pois      #.........   100%        6    #######
 Freezing Cloud           Conj/Ice/Air   #.........   100%        6    #######
 Hydra Form               Tmut           #.........   100%        6    #######
 Ozocubu's Refrigeration  Ice            #.........   100%        6    #######
 Simulacrum               Ice/Necr       #.........   100%        6    #######
 Summon Hydra             Summ           #.........   100%        7    #######
 Discord                  Hex            #.........   100%        8    #######


Dungeon Overview and Level Annotations

Branches:
Dungeon (13/15)            Temple (1/1) D:6            Lair (0/6) D:11
    Orc (0/2) D:12
 Vaults: D:13-14

Altars:
Ashenzari
Cheibriados
Dithmenos
Elyvilon
Fedhas
Gozag
Hepliaklqana
Kikubaaqudgha
Makhleb
Nemelex Xobeh
Okawaru
Qazlal
Ru
Sif Muna
Trog
Uskayaw
Vehumet
Wu Jian
Xom
Yredelemnul
Zin
The Shining One

Shops:
D:5 [   D:7 ?

Annotations:
D:13 Sonja


Innate Abilities, Weirdness & Mutations

You have hooves in place of feet.
You are completely covered in thin metallic scales. (AC +4, rElec)
You regenerate health from kills.
You sometimes gain a little power by taking damage.


Message History

You feel sick.
Unknown command.
A red film seems to cover your vision as you go berserk!
You feel yourself moving faster!
You feel mighty!
You feel sick.
You barely miss Sonja.
You feel sick. Sonja hits you but does no damage.
Space warps horribly around you!!
* * * LOW HITPOINT WARNING * * *
You block Sonja's attack. Sonja closely misses you.
You barely miss Sonja.
You feel sick. You block Sonja's attack. Sonja hits you but does no damage.
Space warps horribly around you!!
* * * LOW HITPOINT WARNING * * *
You block Sonja's attack.
You slash Sonja! Your kick misses Sonja.
Sonja is moderately wounded.
You block Sonja's attack. x3
You completely miss Sonja. Your kick misses Sonja.
Sonja is moderately wounded.
You feel sick. You block Sonja's attack. x2
Sonja hits you but does no damage. Space bends around you.
You die...

######################
#.....†.......((......
#...<.................
#...................<.
#.....##....K.(..(((.#
#+######....@....##..#
#................# #
#.....##..##.....#
#.....######....(#
########. #..(..#
#...##.....#
#..........#
######.....#
##..##.....#


You could see Sonja.

Vanquished Creatures
  A deep elf elementalist (Abyss:1)
  Nessos (D:13)
  Snorg (D:10)
  Fannar (D:11)
  A catoblepas (D:13)
  An unseen horror (D:12)
  Pikel (D:8)
  An orc sorcerer (D:13)
  3 cyclopes
  A deep elf mage (D:12)
  A centaur zombie (D:12)
  Maurice (D:12)
  5 trolls
  A jumping spider (shapeshifter) (Abyss:1)
  A raiju (Abyss:1)
  Prince Ribbit (D:7)
  7 slime creatures
  A water elemental (D:11)
  A vampire (D:12)
  2 shadows
  A human (D:9)
  A hungry ghost (D:12)
  4 hogs (D:9)
  A wraith (D:12)
  A wyvern (D:8)
  Grum (D:10)
  An acid dragon (D:12)
  A water moccasin (D:13)
  3 slaves (D:8)
  A phantom (D:12)
  A necrophage (D:13)
  3 sky beasts
  4 ice beasts
  3 ogres
  2 orc warriors
  3 wolves
  9 centaurs
  2 wyvern zombies
  A big kobold (D:10)
  6 bullfrogs
  5 scorpions
  A wyvern skeleton (D:13)
  2 troll zombies (D:12)
  6 wights
  8 howler monkeys
  4 electric eels
  11 crimson imps
  3 bullfrog zombies
  A quasit (D:5)
  A jelly (D:7)
  15 orc wizards
  10 hounds
  10 orc priests
  2 bullfrog skeletons
  4 centaur skeletons
  Jessica (D:3)
  4 iguanas
  12 worker ants
  6 ogre zombies (D:12)
  A hound zombie (D:7)
  2 hound skeletons
  A worker ant zombie (D:5)
  9 adders
  A shadow imp (D:9)
  An ooze (D:5)
  An adder skeleton (D:5)
  An adder zombie (D:5)
  2 worms
  6 dart slugs
  3 leopard geckos
  49 orcs
  6 bats
  2 giant cockroaches
  8 goblins
  4 hobgoblins
  5 jackals (D:3)
  3 quokkas
  4 frilled lizards
  2 goblin zombies (D:12)
  A hobgoblin skeleton (D:12)
  3 hobgoblin zombies (D:12)
  12 kobolds
  A leopard gecko skeleton (D:4)
  3 orc skeletons (D:12)
  16 orc zombies (D:12)
  6 rats
341 creatures vanquished.

Vanquished Creatures (others)
  Harold (D:8)
  An adder (D:8)
2 creatures vanquished.

Grand Total: 343 creatures vanquished

Notes
Turn   | Place    | Note
-------+----------+-------------------------------------------
     0 | D:1      | Clowwww the Demonspawn Fighter began the quest for the Orb.
     0 | D:1      | Reached XP level 1. HP: 18/18 MP: 1/1
    10 | D:1      | Noticed an electric eel
   215 | D:1      | Gained mutation: You regenerate a little health from kills.
                  | [demonic ancestry]
   215 | D:1      | Reached XP level 2. HP: 22/24 MP: 2/2
   378 | D:1      | Reached skill level 2 in Axes
   811 | D:2      | Gained mutation: You are partially covered in thin metallic
                  | scales. (AC +2) [demonic ancestry]
   811 | D:2      | Reached XP level 3. HP: 22/29 MP: 3/3
  1209 | D:2      | Found an ornate altar of the Wu Jian Council.
  1357 | D:2      | Found a snail-covered altar of Cheibriados.
  1583 | D:3      | You fall into a shaft and drop 3 floors!
  1584 | D:6      | Noticed a sky beast
  1591 | D:6      | Gained mutation: You are mostly covered in thin metallic
                  | scales. (AC +3) [demonic ancestry]
  1591 | D:6      | Reached XP level 4. HP: 27/35 MP: 4/4
  1600 | D:6      | Killed a sky beast
  1600 | D:6      | Reached skill level 3 in Axes
  1600 | D:6      | Reached XP level 5. HP: 18/41 MP: 5/5
  1791 | D:6      | Reached skill level 1 in Dodging
  1988 | D:6      | Found a staircase to the Ecumenical Temple.
  1989 | D:6      | Noticed a centaur
  1997 | D:6      | Killed a centaur
  1997 | D:6      | Reached skill level 4 in Axes
  1997 | D:6      | Gained mutation: You regenerate health from kills. [demonic
                  | ancestry]
  1997 | D:6      | Reached XP level 6. HP: 44/48 MP: 6/6
  2004 | Temple   | Entered the Ecumenical Temple
  2073 | Temple   | Became a worshipper of Warmaster Okawaru
  2398 | D:5      | Entered Level 5 of the Dungeon
  2446 | D:5      | Gained mutation: You have large cloven feet. [demonic
                  | ancestry]
  2446 | D:5      | Reached XP level 7. HP: 32/53 MP: 7/7
  2613 | D:5      | Reached * piety under Okawaru
  2613 | D:5      | Reached skill level 5 in Axes
  3273 | D:4      | Reached skill level 5 in Fighting
  3277 | D:4      | Found a shadowy altar of Dithmenos.
  3280 | D:4      | Found a shimmering altar of Xom.
  3656 | D:3      | Noticed Jessica
  3661 | D:3      | Killed Jessica
  3687 | D:3      | Gained mutation: You are completely covered in thin
                  | metallic scales. (AC +4, rElec) [demonic ancestry]
  3687 | D:3      | Reached XP level 8. HP: 62/62 MP: 8/8
  3690 | D:3      | Reached skill level 6 in Axes
  3953 | D:5      | Found a bloodstained altar of Trog.
  3968 | D:5      | Found a sparkling altar of Nemelex Xobeh.
  4019 | D:5      | Found Hynih's Armour Shop.
  4434 | D:6      | Reached skill level 7 in Axes
  4472 | D:6      | Found a blossoming altar of Fedhas.
  4472 | D:6      | Found an ancient bone altar of Kikubaaqudgha.
  4518 | D:6      | Reached ** piety under Okawaru
  4739 | D:6      | Found a shimmering blue altar of Sif Muna.
  4795 | D:7      | Reached skill level 5 in Shields
  4948 | D:7      | Found a radiant altar of Vehumet.
  5047 | D:7      | Gained mutation: You have hoof-like feet. [demonic
                  | ancestry]
  5047 | D:7      | Reached XP level 9. HP: 68/68 MP: 9/9
  5076 | D:7      | Found a white marble altar of Elyvilon.
  5129 | D:7      | Noticed Prince Ribbit
  5153 | D:7      | Killed Prince Ribbit
  5153 | D:7      | Reached skill level 8 in Axes
  5256 | D:7      | Reached *** piety under Okawaru
  5352 | D:7      | Found Qosit's Magic Scroll Shoppe.
  5653 | D:8      | Reached skill level 1 in Throwing
  5698 | D:8      | Noticed Pikel
  5719 | D:8      | Killed Pikel
  5719 | D:8      | Reached **** piety under Okawaru
  5719 | D:8      | Reached skill level 9 in Axes
  5719 | D:8      | Reached skill level 5 in Armour
  5741 | D:8      | Noticed Harold
  5765 | D:8      | Killed Harold
  5765 | D:8      | Gained mutation: You sometimes gain a little power by
                  | taking damage. [demonic ancestry]
  5765 | D:8      | Reached XP level 10. HP: 39/77 MP: 10/10
  6296 | D:8      | Found a shattered altar of Ashenzari.
  6338 | D:8      | Found a sacrificial altar of Ru.
  6626 | D:9      | Reached skill level 10 in Axes
  6699 | D:9      | Reached ***** piety under Okawaru
  7171 | D:10     | Entered Level 10 of the Dungeon
  7523 | D:10     | Noticed Snorg
  7534 | D:10     | Killed Snorg
  7534 | D:10     | Received a gift from Okawaru
  7592 | D:10     | Noticed a cyclops
  7597 | D:10     | Killed a cyclops
  7748 | D:10     | Gained mutation: You have hooves in place of feet. [demonic
                  | ancestry]
  7748 | D:10     | Reached XP level 11. HP: 84/84 MP: 11/11
  7808 | D:10     | Noticed Grum
  7815 | D:10     | Killed Grum
  7816 | D:10     | Reached skill level 1 in Invocations
  7902 | D:11     | Got a heavily runed leather armour
  7913 | D:11     | Identified the cursed +0 leather armour of Brilliance
                  | {+Blink rC+ Slay+3} (You found it on level 11 of the
                  | Dungeon)
  8038 | D:11     | Found a staircase to the Lair.
  8353 | D:5      | Bought the +2 shield of Resistance {rF+ rC+ MR+} for 411
                  | gold pieces
  8353 | D:5      | Found the +2 shield of Resistance {rF+ rC+ MR+}
  8621 | D:11     | Reached skill level 11 in Axes
  8621 | D:11     | Noticed Fannar
  8633 | D:11     | Killed Fannar
  8633 | D:11     | Received a gift from Okawaru
  8643 | D:11     | Got a pair of twisted gloves {god gift}
  8654 | D:11     | Identified the +2 pair of gloves of Mirth {*Drain +Fly rC+
                  | Str+5} (Okawaru gifted it to you on level 11 of the
                  | Dungeon)
  8840 | D:12     | Noticed Maurice
  8845 | D:12     | Killed Maurice
  9006 | D:12     | Killed an unseen horror
  9006 | D:12     | Reached skill level 12 in Axes
  9025 | D:12     | Reached skill level 1 in Stealth
  9048 | D:12     | Found a staircase to the Orcish Mines.
  9304 | D:12     | Noticed a deep elf mage
  9316 | D:12     | Killed a deep elf mage
  9852 | D:13     | Received a gift from Okawaru
  9852 | D:13     | Reached XP level 12. HP: 94/94 MP: 13/13
  9969 | D:13     | Noticed a catoblepas
  9979 | D:13     | Killed a catoblepas
 10279 | D:13     | Noticed Sonja
 10280 | D:13     | Noticed Nessos
 10284 | D:13     | Killed Nessos
 10284 | D:13     | Cast into level 1 of the Abyss (Sonja)
 10367 | Abyss:1  | Noticed a bone dragon
 10373 | Abyss:1  | Noticed a green death
 10375 | Abyss:1  | Noticed a deep elf elementalist
 10379 | Abyss:1  | Killed a deep elf elementalist
 10379 | Abyss:1  | Reached skill level 13 in Axes
 10447 | D:13     | Escaped the Abyss
 10451 | D:13     | HP: 6/141 [Sonja/+2 dagger of distortion (22)]
 10453 | D:13     | Slain by Sonja

Illustrated notes

Levels and vault maps discovered:
D:1:      arrival_aquarium_a, layout_loops_ring
D:2:      layout_rooms, nicolae_overflow_hidden_temple,
          lemuel_coloured_pillars_altar
D:3:      layout_rooms, first_ration, kennysheep_jessica_study
D:4:      layout_loops_corners, led_xom_imps, grunt_dithmenos_smoke
D:5:      minmay_octagon_keep, layout_cave_pools, old_standard_altar,
          nemelex_xobeh_ov_fountains_minmay, serial_shops,
          nicolae_shop_statue_plus
D:6:      layout_loops_ring, grunt_temple_overflow_growth_and_decay,
          lemuel_blue_sif_altar, minmay_temple_entry_glassed_door,
          hangedman_decor_lopped, st_stairs_10
D:7:      layout_cave_pools, nicolae_overflow_crystal_walls,
          vehumet_altar_wand_db, serial_shops, nicolae_shop_stone,
          uniq_prince_ribbit1
D:8:      layout_loops_ring, kennysheep_little_box, kennysheep_mini, uniq_pikel,
          uniq_harold
D:9:      layout_rooms, grunt_livestock
D:10:     layout_basic, lightli_minifort, uniq_grum, uniq_snorg
D:11:     layout_basic, erik_lair_island, uniq_fannar
D:12:     layout_loops_ring, zombieorc2_lemuel, uniq_maurice
D:13:     layout_gridville, minmay_librarian, uniq_nessos, uniq_sonja
Temple:   jpeg_temple_island

Skill      XL: |  1  2  3  4  5  6  7  8  9 10 11 12 |
---------------+-------------------------------------+-----
Shields        | 3 4 5 6 7 8 |  8.4
Axes           | 2 3 4 5 7 9 10 12 13 | 13.0
Armour         | 3 4 5 6 7 |  7.0
Dodging        | 1 2 3 4 |  4.4
Fighting       | 5 6 7 8 |  8.7
Throwing       | 1 |  1.5
Invocations    | 2 |  2.0
Stealth        | 1 |  1.1
Evocations     | |  0.4

Action                   |  1- 3 |  4- 6 |  7- 9 | 10-12 || total
-------------------------+-------+-------+-------+-------++-------
Melee: War axe           |   119 |    76 |   295 |   121 ||   611
       Kick              |       |       |    74 |   136 ||   210
       Broad axe         |       |       |       |   296 ||   296
Throw: Boomerang         |       |       |    13 |     9 ||    22
Invok: Heroism           |       |       |     1 |     4 ||     5
       Finesse           |       |       |       |     1 ||     1
Evoke: Wand              |       |       |     3 |       ||     3
  Use: Potion            |     1 |       |       |     1 ||     2
       Scroll            |       |       |    16 |     9 ||    25
  Eat: Chunk             |     2 |     3 |    11 |    15 ||    31
Armor: Scale mail        |    60 |    49 |   197 |   135 ||   441
Dodge: Dodged            |    34 |    20 |   121 |   104 ||   279
Block: Kite shield       |    63 |    24 |   151 |   284 ||   522
       Reflection        |       |       |       |    16 ||    16
